 Dungeon Sprint DCSS version 0.21-a0-400-g417d9d2 (webtiles) character file.

245 Amnesiac the Geomancer (level 5, 7/35 HPs)
             Began as a Demonspawn Earth Elementalist on Oct 20, 2017.
             Was an Initiate of Dithmenos.
             Quit the game in the Dungeon (Sprint I: "Red Sonja").
             The game lasted 00:01:01 (190 turns).

Amnesiac the Geomancer (DsEE)                        Turns: 190, Time: 00:01:02

Health: 7/35       AC:  5    Str:  9    XL:     5   Next: 83%
Magic:  4/14       EV: 12    Int: 17    God:    Dithmenos [......]
Gold:   54         SH:  0    Dex: 13    Spells: 10/17 levels left

rFire    . . .     SeeInvis .   (no weapon)
rCold    . . .     Gourm    .   (no shield)
rNeg     . . .     Faith    .   c - +0 robe
rPois    .         Spirit   .   (no helmet)
rElec    .         Reflect  .   (no cloak)
rCorr    .         Harm     .   (no gloves)
MR       .....     NoTele   +   (no boots)
Stlth    ++........             (no amulet)
HPRegen  0.11/turn              (no ring)
MPRegen  0.14/turn              (no ring)

@: no status effects
A: claws 1, icy blue scales 2
a: Renounce Religion


You were in the Dungeon.
You worshipped Dithmenos.
Dithmenos was noncommittal.
You were not hungry.

You visited 1 branch You collected 54 gold pieces.

Inventory:

Missiles
 b - 19 stones (quivered)
Armour
 c - a +0 robe (worn)
Wands
 a - a wand of digging (8/24)
Scrolls
 j - a scroll of blinking {!r}
Potions
 f - a potion of heal wounds {!q}
 g - a potion of haste {!q}
 h - 2 potions of magic {!q}
Books
 k - a book of Geomancy

   Spells                             Type                      Level
   a - Sandblast                      Earth                        1
   b - Passwall                       Transmutation/Earth          2
   c - Stone Arrow                    Conjuration/Earth            3
   d - Petrify                        Transmutation/Earth          4
   e - Lee's Rapid Deconstruction     Earth                        5
Comestibles
 d - a bread ration
 i - 3 chunks of flesh


   Skills:
 - Level 1.7 Dodging
 - Level 1.7 Stealth
 + Level 6.7 Spellcasting
 - Level 0.8 Transmutations
 * Level 9.5 Earth Magic


You had 10 spell levels left.
You knew the following spells:

 Your Spells              Type           Power        Failure   Level  Hunger
a - Sandblast             Erth           #####.       1%          1    None
b - Passwall              Tmut/Erth      ###.......   2%          2    None
e - Petrify               Tmut/Erth      ###.....     14%         4    ####...


Dungeon Overview and Level Annotations

Branches:
Dungeon (1/1)

Altars:
Cheibriados
Dithmenos
Elyvilon
Fedhas
Gozag
Hepliaklqana
Kikubaaqudgha
Nemelex Xobeh
Okawaru
Qazlal
Ru
Trog
Uskayaw
Yredelemnul
Zin
The Shining One

Shops:
D =


Innate Abilities, Weirdness & Mutations

You have sharp fingernails.
You are mostly covered in icy blue scales. (AC +3)


Message History

Unknown command.
Press < or > to pray at altars.
You kneel at the altar of Dithmenos.
Dithmenos welcomes you!
There is an entrance to Seabbef's Jewellery Emporium here.
Casting: Passwall
Confirm with . or Enter, or press ? or * to list all spells.
Aiming: Sandblast
Press: ? - help, Shift-Dir - straight line, f - yak
Aim: a yak The blast of sand misses the yak.
b - 24 stones
Casting: Sandblast
Confirm with . or Enter, or press ? or * to list all spells.
Aiming: Sandblast
Press: ? - help, Shift-Dir - straight line, f/p - yak
Aim: a yak The blast of sand misses the yak.
b - 23 stones The yak closely misses you.
Casting: Sandblast
Confirm with . or Enter, or press ? or * to list all spells.
Aiming: Sandblast
Press: ? - help, Shift-Dir - straight line, f/p - yak
Aim: a yak The blast of sand hits the yak.
The yak is lightly wounded.
b - 22 stones The yak gores you!
Casting: Sandblast
Confirm with . or Enter, or press ? or * to list all spells.
Aiming: Sandblast
Press: ? - help, Shift-Dir - straight line, f/p - yak
Aim: a yak (lightly wounded)
The blast of sand hits the yak.
The yak is moderately wounded.
b - 21 stones The yak gores you!
* * * LOW HITPOINT WARNING * * *
Casting: Sandblast
Confirm with . or Enter, or press ? or * to list all spells.
Aiming: Sandblast
Press: ? - help, Shift-Dir - straight line, f/p - yak
Aim: a yak (moderately wounded)
The blast of sand hits the yak.
The yak is severely wounded.
b - 20 stones The yak gores you.
* * * LOW HITPOINT WARNING * * *
Casting: Sandblast
Confirm with . or Enter, or press ? or * to list all spells.
Aiming: Sandblast
Press: ? - help, Shift-Dir - straight line, f/p - yak
Aim: a yak (severely wounded)
The blast of sand hits the yak.
You kill the yak!
Dithmenos accepts your kill.
Your Spellcasting skill increases to level 6!
Your Earth Magic skill gained 2 levels and is now at level 9!
You have reached level 5!
Your demonic ancestry asserts itself...
Your fingernails lengthen.
b - 19 stones Are you sure you want to abandon this character and quit the game? (Confirm with "yes".)

##########
#<.#..)..#
#..)..#..+
#..#####+#
#..####
#..#__####
#..#_____##
#⌠⌠#_.@...+
####_..__##
#..#_____#
##########


There were no monsters in sight!

Vanquished Creatures
  A yak (D)
  An ogre (D)
  Ijyb (D)
3 creatures vanquished.

Notes
Turn   | Place    | Note
-------+----------+-------------------------------------------
     0 | D        | Amnesiac the Demonspawn Earth Elementalist began the quest for the Orb.
     0 | D        | Reached XP level 1. HP: 13/13 MP: 3/3
     1 | D        | Noticed Ijyb
    11 | D        | Killed Ijyb
    11 | D        | Reached skill level 5 in Earth Magic
    11 | D        | Gained mutation: You are partially covered in icy blue scales. (AC +2) [demonic ancestry]
    11 | D        | Reached XP level 2. HP: 19/19 MP: 0/6
    78 | D        | Noticed an ogre
    87 | D        | Killed an ogre
    87 | D        | Reached skill level 5 in Spellcasting
    87 | D        | Reached skill level 7 in Earth Magic
    87 | D        | Reached XP level 3. HP: 24/24 MP: 4/9
    87 | D        | Gained mutation: You are mostly covered in icy blue scales. (AC +3) [demonic ancestry]
    87 | D        | Reached XP level 4. HP: 30/30 MP: 4/11
   131 | D        | Learned a level 2 spell: Passwall
   136 | D        | Learned a level 4 spell: Petrify
   181 | D        | Found a shadowy altar of Dithmenos.
   181 | D        | Found a sacrificial altar of Ru.
   181 | D        | Found a snail-covered altar of Cheibriados.
   181 | D        | Found an opulent altar of Gozag.
   181 | D        | Found a sparkling altar of Nemelex Xobeh.
   181 | D        | Found a basalt altar of Yredelemnul.
   181 | D        | Found a hide-covered altar of Uskayaw.
   181 | D        | Found a hazy altar of Hepliaklqana.
   181 | D        | Found an ancient bone altar of Kikubaaqudgha.
   181 | D        | Found Seabbef's Jewellery Emporium.
   181 | D        | Found a glowing golden altar of the Shining One.
   181 | D        | Found an iron altar of Okawaru.
   181 | D        | Found a bloodstained altar of Trog.
   181 | D        | Found a blossoming altar of Fedhas.
   181 | D        | Found a stormy altar of Qazlal.
   181 | D        | Found a white marble altar of Elyvilon.
   181 | D        | Found a glowing silver altar of Zin.
   181 | D        | Noticed a yak
   181 | D        | Became a worshipper of Dithmenos the Shadowed
   189 | D        | Killed a yak
   189 | D        | Reached skill level 9 in Earth Magic
   189 | D        | Gained mutation: You have sharp fingernails. [demonic ancestry]
   189 | D        | Reached XP level 5. HP: 7/35 MP: 4/14
   190 | D        | Quit the game

Vault maps used:
D:        dungeon_sprint_1

Skill      XL: |  1  2  3  4 |
---------------+-------------+-----
Spellcasting   | 3 5 6 |  6.7
Earth Magic    | 5 7 9 |  9.5
Dodging        | |  1.7
Stealth        | |  1.7
Transmutations | |  0.8

Action                   |  1- 3 |  4- 6 || total
-------------------------+-------+-------++-------
Melee: Unarmed           |     5 |       ||     5
Throw: Stone             |     1 |       ||     1
 Cast: Sandblast         |     4 |     7 ||    11
       Passwall          |       |     3 ||     3
  Use: Potion            |     2 |       ||     2
Armor: Robe              |     2 |       ||     2
Dodge: Dodged            |     2 |     1 ||     3

Table legend:
 A = Spawn XP
 B = Non-spawn XP
 C = Spawn XP percentage of total XP
 D = Spawn monster count
 E = Non-spawn monster count
 F = Spawn count percentage of total count
 G = Total turns spent on level
                    A         B        C        D         E        F      G
               +---------+---------+-------+---------+---------+-------+---------
         Total |       0 |     350 |   0.0 |       0 |       3 |   0.0 |   190
               +---------+---------+-------+---------+---------+-------+---------
             D |       0 |     350 |   0.0 |       0 |       3 |   0.0 |   190
               +---------+---------+-------+---------+---------+-------+---------
